 Dungeon Sprint DCSS version 0.29-a0-676-ga64570c9d2 (webtiles) character file.

Game seed: 17539889461335615733

7144 mhtbhm the Unseen (level 10, -5/49 HPs)
             Began as a Spriggan Enchanter on June 21, 2022.
             Was a High Priest of Sif Muna.
             Slain by a lorocyproca (17 damage)
             ... in the Dungeon (Sprint I: "Red Sonja") on June 24, 2022.
             The game lasted 00:13:26 (1827 turns).

mhtbhm the Unseen (Spriggan Enchanter)              Turns: 1827, Time: 00:13:26

Health: -5/49      AC:  7    Str:  4    XL:     10   Next: 85%
Magic:  13/27      EV: 24    Int: 18    God:    Sif Muna [*****.]
Gold:   351        SH:  0    Dex: 21    Spells: 18/33 levels left

rFire   + . .      SeeInvis +   a - +1 dagger (venom)
rCold   + . .      Faith    .   (no shield)
rNeg    . . .      Spirit   .   b - +2 robe {rC+ rF+}
rPois   .          Reflect  .   q - +3 crown of Dyrovepreva {rElec Int+2 SInv}
rElec   +          Harm     .   (no cloak)
rCorr   .          Rampage  .   (gloves unavailable)
Will    +....      NoTele   +   (boots unavailable)
Stlth   +++.......              (no amulet)
HPRegen 0.16/turn               (no ring)
MPRegen 0.20/turn               (no ring)

@: confused, mighty, ambrosia-drunk, hasted, very quick
A: very small, no large weapons, unfitting armour, see invisible, speed 3
a: Renounce Religion, Channel Magic, Forget Spell, Divine Exegesis


You were in the Dungeon.
You worshipped Sif Muna.
Sif Muna was extremely pleased with you.
You visited 1 branch You collected 1993 gold pieces.
You spent 1642 gold pieces at shops.

Inventory:

Hand Weapons
 a - a +1 dagger of venom (weapon)
 r - a +0 dagger of holy wrath
Missiles
 l - a curare-tipped dart (quivered)
 o - 5 boomerangs
 s - a throwing net
Armour
 b - a +2 robe of resistance (worn)
 n - a +0 hat
 q - the +3 crown of Dyrovepreva (worn) {rElec Int+2 SInv}
   (You bought it in a shop in the Dungeon)

   Int:       It affects your intelligence (+2).
   rElec:     It insulates you from electricity.
   SInv:      It lets you see invisible.
Wands
 j - a wand of flame (13)
Scrolls
 i - a scroll of identify {unknown}
 m - a scroll of poison {unknown}
Potions
 d - 4 potions of curing
 g - 2 potions of magic
 k - a potion of degeneration {unknown}


   Skills:
 + Level 3.8 Fighting
 + Level 9.2 Short Blades
 + Level 9.0 Dodging
 + Level 19.7 Stealth
 + Level 12.3 Spellcasting
 + Level 1.7 Conjurations
 + Level 14.9 Hexes
 + Level 4.0 Ice Magic
 * Level 10.5 Invocations
 + Level 5.4 Evocations


You had 18 spell levels left.
You knew the following spells:

 Your Spells              Type           Power      Damage    Failure   Level
a - Confusing Touch       Hex            60%        N/A       1%          3
b - Tukima's Dance        Hex            60%        N/A       1%          3
c - Ensorcelled Hibernat  Hex/Ice        90%        N/A       1%          2
d - Dazzling Flash        Conj/Hex       82%        N/A       1%          3
e - Anguish               Hex/Necr       19%        N/A       3%          4

Your spell library contained the following spells:

 Spells                   Type           Power      Damage    Failure   Level
 Portal Projectile        Hex/Tloc       76%        N/A       1%          3
 Foxfire                  Conj/Fire      56%        2x1d6     4%          1
 Necrotize                Necr           44%        1d6       6%          1
 Sublimation of Blood     Necr           11%        N/A       10%         2
 Flame Wave               Conj/Fire      14%        2d6       41%         4
 Dispel Undead            Necr           11%        3d9       52%         4
 Discord                  Hex            30%        N/A       65%         8
 Irradiate                Conj/Tmut      7%         3d15      77%         5
 Blade Hands              Tmut           5%         N/A       86%         5
 Death Channel            Necr           5%         N/A       100%        6
 Eringya's Noxious Bog    Tmut/Pois      5%         N/A       100%        6


Dungeon Overview and Level Annotations

Branches:
Dungeon (1/1)

Altars:
Cheibriados
Dithmenos
Elyvilon
Fedhas
Gozag
Hepliaklqana
Kikubaaqudgha
Makhleb
Nemelex Xobeh
Okawaru
Qazlal
Ru
Sif Muna
Trog
Uskayaw
Vehumet
Wu Jian
Xom
Yredelemnul
Zin
The Shining One
Jiyva
Lugonu

Shops:
D :*[[**[*[[?**(:[(


Innate Abilities, Weirdness & Mutations

You are very small and have problems with some larger weapons.
You are too small for most types of armour.
You have supernaturally acute eyesight. (SInv)
You cover ground extremely quickly. (Speed+++)


Message History

Okay, then.
Unknown command.
Casting: Tukima's Dance (safe; 1% risk of failure)
Confirm with . or Enter, or press ? or * to list all spells.
You don't know that spell.
Casting: Tukima's Dance (safe; 1% risk of failure)
Confirm with . or Enter, or press ? or * to list all spells.
Casting: Anguish (dangerous; 3% risk of failure)
Press: ? - help, Dir - look around, f - activate The lorocyproca resists with almost no effort.
The lorocyproca barely misses you.
Casting: Anguish (dangerous; 3% risk of failure)
Confirm with . or Enter, or press ? or * to list all spells.
Casting: Anguish (dangerous; 3% risk of failure)
Press: ? - help, Dir - look around, f - activate The lorocyproca resists with almost no effort.
The lorocyproca hits you!!
* * * LOW HITPOINT WARNING * * *
You feel your power leaking away.
Unknown command.
There is an open door here.
You feel yourself speed up.
Okay, then.
What are your orders? t - Shout!
Orders for allies: a - Attack new target. r - Retreat! s - Stop attacking. g - Guard the area. f - Follow me.
Anything else - Cancel.
Okay, then.
It was a potion of might.
You feel very mighty all of a sudden.
It was a potion of ambrosia.
You are confused.
You feel invigorated.
You bump into the stone wall.
You bump into the stone wall.
You hit the lorocyproca but do no damage.
The lorocyproca is poisoned.
The lorocyproca hits you!
You die...

#..#####'#####2#__####.
#..####..#...#.####§.##
#..#__####..##)#≈≈§§)#.
#..#_____##'#_.'≈≈§§§§§
#⌠⌠#_.∩...'..._#§§§§)#§
####_..__##_)#'##§#####
#_____###'#.#(...###
############.####'###.#
#∩....@2..'...[.....'.∩
###++++####...#########
###.###.......
#.#'#.#.......
#.....#+.+####
#..[..#..§§§§§
#######.§.§§§§
#..)....§§.§§
#.[[.....§.§≈


You could see a lorocyproca (invisible, very poisoned).

Vanquished Creatures
  2 centaur warriors (D)
  Sonja (D)
  A deep troll (D)
  A lindwurm (D)
  An oklob plant (D)
  2 kobold demonologists (D)
  2 unseen horrors (D)
  A slime creature (D)
  A hornet (D)
  Sigmund (D)
  A yak (D)
  8 hogs (D)
  2 redbacks (D)
  2 floating eyes (D)
  An ogre (D)
  7 necrophages (D)
  8 jellies (D)
  Ijyb (D)
  2 ballistomycete spores (D)
45 creatures vanquished.

Notes
Turn   | Place    | Note
-------+----------+-------------------------------------------
     0 | D        | mhtbhm the Spriggan Enchanter began the quest for the Orb.
     0 | D        | Reached XP level 1. HP: 9/9 MP: 5/5
     2 | D        | Noticed Ijyb
    12 | D        | Killed Ijyb
    13 | D        | Reached skill level 6 in Stealth
    13 | D        | Reached skill level 5 in Hexes
    13 | D        | Reached XP level 2. HP: 9/13 MP: 5/7
    16 | D        | Noticed an ogre
    19 | D        | Killed an ogre
    20 | D        | Reached skill level 9 in Stealth
    20 | D        | Reached XP level 3. HP: 11/16 MP: 6/10
    20 | D        | Reached XP level 4. HP: 15/21 MP: 6/11
    21 | D        | Noticed Sigmund
    36 | D        | HP: 1/21 [Sigmund/+0 scythe (9)]
    37 | D        | Killed Sigmund
    38 | D        | Reached skill level 11 in Stealth
    38 | D        | Reached skill level 1 in Evocations
    38 | D        | Reached XP level 5. HP: 1/24 MP: 8/14
   333 | D        | Learned a level 3 spell: Confusing Touch
   337 | D        | Learned a level 3 spell: Tukima's Dance
   340 | D        | Learned a level 2 spell: Ensorcelled Hibernation
   344 | D        | Learned a level 3 spell: Dazzling Flash
   355 | D        | Found an ornate altar of the Wu Jian Council.
   355 | D        | Found a shimmering blue altar of Sif Muna.
   357 | D        | Found a radiant altar of Vehumet.
   362 | D        | Reached XP level 6. HP: 28/28 MP: 16/16
   379 | D        | Became a worshipper of Sif Muna the Loreminder
   399 | D        | Found Titym's Assorted Antiques.
   399 | D        | Found an ancient bone altar of Kikubaaqudgha.
   399 | D        | Found a hazy altar of Hepliaklqana.
   399 | D        | Found a stormy altar of Qazlal.
   399 | D        | Found a hide-covered altar of Uskayaw.
   399 | D        | Found a blossoming altar of Fedhas.
   399 | D        | Found a bloodstained altar of Trog.
   399 | D        | Found an iron altar of Okawaru.
   399 | D        | Found a basalt altar of Yredelemnul.
   399 | D        | Found a glowing golden altar of the Shining One.
   399 | D        | Found a snail-covered altar of Cheibriados.
   399 | D        | Found a sacrificial altar of Ru.
   399 | D        | Found a glowing silver altar of Zin.
   399 | D        | Found a shadowy altar of Dithmenos.
   399 | D        | Found a white marble altar of Elyvilon.
   399 | D        | Noticed a yak
   400 | D        | Found an opulent altar of Gozag.
   401 | D        | Killed a yak
   402 | D        | Reached skill level 12 in Stealth
   402 | D        | Reached skill level 10 in Hexes
   402 | D        | Found a sparkling altar of Nemelex Xobeh.
   419 | D        | Found a burning altar of Makhleb.
   419 | D        | Found a viscous altar of Jiyva.
   419 | D        | Found a shimmering altar of Xom.
   419 | D        | Found a corrupted altar of Lugonu.
   419 | D        | Noticed a slime creature
   439 | D        | Killed a slime creature
   440 | D        | Reached skill level 1 in Fighting
   440 | D        | Reached skill level 13 in Stealth
   440 | D        | Reached XP level 7. HP: 33/33 MP: 4/18
   536 | D        | Upgraded the game from 0.29-a0-653-gd47aff6735 to
                  | 0.29-a0-668-g12ee2bf84d
   539 | D        | Noticed a kobold demonologist
   540 | D        | Noticed a kobold demonologist
   542 | D        | Noticed a rust devil
   546 | D        | Reached * piety under Sif Muna
   547 | D        | Reached skill level 5 in Short Blades
   547 | D        | Reached skill level 1 in Ice Magic
   548 | D        | Noticed a rust devil
   549 | D        | Noticed a hellwing
   550 | D        | Noticed a red devil
   550 | D        | Killed a kobold demonologist
   551 | D        | Reached skill level 14 in Stealth
   551 | D        | Reached skill level 5 in Invocations
   559 | D        | Killed a kobold demonologist
   560 | D        | Reached XP level 8. HP: 37/39 MP: 2/21
   805 | D        | Noticed Sonja
   812 | D        | Killed Sonja
   812 | D        | Reached ** piety under Sif Muna
   813 | D        | Reached skill level 15 in Stealth
   838 | D        | Found Kujaplapt's Book Boutique.
   858 | D        | Noticed a deep troll
   865 | D        | Killed a deep troll
   866 | D        | Reached skill level 10 in Spellcasting
   866 | D        | Reached skill level 1 in Conjurations
   866 | D        | Reached XP level 9. HP: 43/43 MP: 19/24
   876 | D        | Found Ylacev's Armour Emporium.
   892 | D        | Bought a +2 robe of resistance for 414 gold pieces
   979 | D        | Noticed a centaur warrior
   982 | D        | Noticed a centaur warrior
   983 | D        | Killed a centaur warrior
   984 | D        | Reached skill level 16 in Stealth
   985 | D        | Killed a centaur warrior
   994 | D        | Reached *** piety under Sif Muna
  1005 | D        | Noticed an oklob plant
  1016 | D        | Killed an oklob plant
  1017 | D        | Reached skill level 17 in Stealth
  1017 | D        | Reached XP level 10. HP: 49/49 MP: 23/26
  1227 | D        | Reached **** piety under Sif Muna
  1285 | D        | Reached ***** piety under Sif Muna
  1285 | D        | Received a gift from Sif Muna
  1286 | D        | Reached skill level 18 in Stealth
  1289 | D        | Got Sif Muna's Reference Book on Envenoming and Sinister
                  | Secrets {god gift}
  1300 | D        | Reached skill level 5 in Evocations
  1322 | D        | Received a gift from Sif Muna
  1344 | D        | Got Dorev's Catalogue of Enthralling Attacks {god gift}
  1358 | D        | Identified the +6 spear "Susy" {speed, rPois MP-9 Str+2}
  1370 | D        | Found Juorph's Armour Shoppe.
  1370 | D        | Found Aluinlox's Armour Shop.
  1370 | D        | Found Kushag's General Store.
  1372 | D        | Found Gymes's General Store.
  1372 | D        | Found Qoeps's Antique Armour Shop.
  1372 | D        | Found Xoji's Assorted Antiques.
  1372 | D        | Found Xyxib's Antique Armour Boutique.
  1372 | D        | Found Giaw Pirr's Armour Emporium.
  1372 | D        | Found Coicot's Magic Scroll Shop.
  1372 | D        | Found Riolusuf's Assorted Antiques.
  1376 | D        | Found Vifotepa's General Store.
  1377 | D        | Bought a scroll of blinking for 90 gold pieces
  1377 | D        | Found Isala's Book Emporium.
  1377 | D        | Found Mobarr's Weapon Boutique.
  1378 | D        | Bought the +3 crown of Dyrovepreva {rElec Int+2 SInv} for
                  | 1035 gold pieces
  1378 | D        | Found the +3 crown of Dyrovepreva {rElec Int+2 SInv}
  1388 | D        | Found Yhupil's Antique Weapon Emporium.
  1399 | D        | Upgraded the game from 0.29-a0-668-g12ee2bf84d to
                  | 0.29-a0-676-ga64570c9d2
  1402 | D        | Bought a +0 dagger of holy wrath for 67 gold pieces
  1418 | D        | Bought a throwing net for 36 gold pieces
  1447 | D        | Learned a level 4 spell: Anguish
  1692 | D        | Noticed a lindwurm
  1694 | D        | Killed a lindwurm
  1695 | D        | Reached skill level 10 in Invocations
  1703 | D        | Received a gift from Sif Muna
  1704 | D        | Reached skill level 19 in Stealth
  1740 | D        | Noticed a lorocyproca
  1749 | D        | Received a gift from Sif Muna
  1813 | D        | HP: 2/49 [lorocyproca (18)]
  1827 | D        | Slain by a lorocyproca

Illustrated notes

Levels and vault maps discovered:
D:        dungeon_sprint_1 [red_sonja_temple_1, red_sonja_temple_small_1]

Skill      XL: |  1  2  3  4  5  6  7  8  9 10 |
---------------+-------------------------------+-----
Dodging        | 3 4 6 7 8 9 |  9.0
Stealth        | 6 9 11 13 14 15 17 19 | 19.7
Spellcasting   | 3 4 6 7 8 10 11 12 | 12.3
Hexes          | 5 7 9 11 12 13 14 | 14.9
Short Blades   | 3 4 6 7 8 9 |  9.2
Evocations     | 1 2 3 4 5 |  5.4
Invocations    | 3 5 7 9 10 | 10.5
Fighting       | 1 2 3 |  3.8
Ice Magic      | 2 3 4 |  4.0
Conjurations   | 1 |  1.7

Action                   |  1- 3 |  4- 6 |  7- 9 | 10-12 || total
-------------------------+-------+-------+-------+-------++-------
Melee: Dagger            |     9 |    23 |    27 |    80 ||   139
       Punch             |       |       |     1 |       ||     1
Throw: Dart              |       |       |     1 |       ||     1
 Cast: Ensorcelled Hiber |       |     4 |     3 |     3 ||    10
       Dazzling Flash    |       |     1 |     4 |     2 ||     7
       Confusing Touch   |       |     1 |     2 |    10 ||    13
       Tukima's Dance    |       |       |     2 |       ||     2
       Anguish           |       |       |       |     2 ||     2
Evoke: Wand              |       |     4 |     3 |     7 ||    14
  Use: Potion            |     1 |     1 |     1 |     4 ||     7
       Scroll            |       |       |     1 |     1 ||     2
 Stab: Invisible         |     1 |       |     2 |     1 ||     4
       Sleeping          |     1 |     2 |     4 |    10 ||    17
       Confused          |       |     2 |     3 |     9 ||    14
Armor: Robe              |       |       |     1 |     5 ||     6
Dodge: Dodged            |     5 |    10 |    18 |    48 ||    81

Table legend: (Time is in decaauts)
 A = Elapsed time spent in this place.
 B = Non-inter-level travel time spent in this place.
 C = Inter-level travel time spent in this place.
 D = Time resting spent in this place.
 E = Time spent auto-exploring this place.
 F = Levels seen in this place.
 G = Mean time per level.
                   A        B        C        D        E       F      G
               +--------+--------+--------+--------+--------+-----+--------+
         Total |   1579 |   1579 |      0 |    967 |      0 |   1 | 1579.0 |
       Dungeon |   1579 |   1579 |      0 |    967 |      0 |   1 | 1579.0 |
               +--------+--------+--------+--------+--------+-----+--------+

Top non-repeatable levels by time:
       D: 1579 daAuts
